 Dungeon Crawl Stone Soup version 0.28-a0-578-g717728bcc0 (webtiles) character file.

Game seed: 307963155756295432

1291 Conn the Firebug (level 8, 0/48 HPs)
             Began as an Octopode Fire Elementalist on Oct 2, 2021.
             Was an Initiate of Sif Muna.
             Slain by a bullfrog (5 damage)
             ... on level 6 of the Dungeon.
             The game lasted 00:12:53 (6069 turns).

Conn the Firebug (Octopode Fire Elementalist)       Turns: 6069, Time: 00:12:53

Health: 0/48       AC:  5    Str:  7    XL:     8   Next: 55%
Magic:  1/15       EV: 13    Int: 19    God:    Sif Muna [......]
Gold:   265        SH:  0    Dex: 13    Spells: 5/16 levels left

rFire   . . .      SeeInvis .   f - +2 dagger (speed)
rCold   . . .      Faith    .   (no shield)
rNeg    . . .      Spirit   .   (helmet restricted)
rPois   .          Reflect  .   (no amulet)
rElec   .          Harm     .   g - +4 ring of protection
rCorr   .          Rampage  .   (no ring)
Will    .....                   (no ring)
Stlth   ++++......              (no ring)
HPRegen 0.16/turn               (no ring)
MPRegen 0.14/turn               (no ring)
                                (no ring)
                                (no ring)

@: no status effects
A: almost no armour, amphibious, 8 rings, camouflage 1, gelatinous body 1,
(nimble swimmer 1), tentacles
a: Renounce Religion


You were on level 6 of the Dungeon.
You worshipped Sif Muna.
Sif Muna was noncommittal.
You visited 2 branches of the dungeon, and saw 7 of its levels.

You collected 265 gold pieces.

Inventory:

Hand Weapons
 c - a +0 short sword
 f - a +2 dagger of speed (weapon)
Armour
 j - a +0 buckler
Jewellery
 g - a +4 ring of protection (left tentacle)
Scrolls
 a - 4 scrolls of teleportation {unknown}
 b - a scroll of identify {unknown}
 e - a scroll of fog {unknown}
 h - a scroll of noise {unknown}
 k - a scroll of enchant weapon
 q - a scroll of torment {unknown}
Potions
 d - 5 potions of curing
 i - a potion of berserk rage {unknown}
 l - a potion of flight {unknown}
 m - a potion of magic {unknown}
 n - a potion of mutation {unknown}
 o - a potion of lignification {unknown}
 p - 2 potions of might {unknown}


   Skills:
 + Level 1.2 Fighting
 + Level 0.3 Short Blades
 + Level 2.3 Dodging
 + Level 5.3 Stealth
 + Level 4.6 Spellcasting
 * Level 5.3 Conjurations
 * Level 2.8 Hexes
 * Level 5.8 Fire Magic


You had 5 spell levels left.
You knew the following spells:

 Your Spells              Type           Power      Damage    Failure   Level
a - Foxfire               Conj/Fire      100%       2x1d9     1%          1
b - Conjure Flame         Conj/Fire      25%        6-21      3%          3
c - Inner Flame           Hex/Fire       20%        N/A       7%          3
d - Flame Wave            Conj/Fire      25%        3d6       13%         4

Your spell library contained the following spells:

 Spells                   Type           Power      Damage    Failure   Level
 Scorch                   Fire           52%        2d7       1%          2
 Portal Projectile        Hex/Tloc       18%        N/A       22%         3
 Call Canine Familiar     Summ           4%         N/A       36%         3
 Leda's Liquefaction      Hex/Erth       4%         N/A       58%         4


Dungeon Overview and Level Annotations

Branches:
Dungeon (6/15)             Temple (1/1) D:5

Altars:
Ashenzari
Cheibriados
Dithmenos
Elyvilon
Fedhas
Gozag
Hepliaklqana
Kikubaaqudgha
Makhleb
Nemelex Xobeh
Okawaru
Qazlal
Ru
Sif Muna
Trog
Uskayaw
Wu Jian
Yredelemnul
The Shining One


Innate Abilities, Weirdness & Mutations

You cannot wear most types of armour.
You are amphibious.
You can wear up to eight rings at the same time.
Your skin changes colour to match your surroundings (Stealth+).
Your rubbery body absorbs attacks. (AC +1, EV +1)
((You are camouflaged near water. (Stealth+)))
You have tentacles for arms and can constrict up to eight enemies at once.


Message History

Unknown command.
Casting: Foxfire (safe; 1% risk of failure)
Confirm with . or Enter, or press ? or * to list all spells.
You conjure some foxfire!
The bullfrog gives a loud, deep croak!
The hound bites you.
Unknown command.
You hit the hound. You grab the hound. You squeeze the hound.
The hound is severely wounded.
You constrict the hound.
The foxfire hits the hound!
You kill the hound!
Sif Muna accepts your kill.
Unknown command.
Your foxfire dissipates!
Found 9 gold pieces.
Casting: Foxfire (safe; 1% risk of failure)
Confirm with . or Enter, or press ? or * to list all spells.
You conjure some foxfire!
The bullfrog hits you.
The bullfrog hits you but does no damage.
Unknown command.
You closely miss the bullfrog. Your grab misses the bullfrog.
The foxfire hits the bullfrog.
The bullfrog is moderately wounded.
The foxfire hits the bullfrog.
The bullfrog is moderately wounded.
The bullfrog misses you.
Unknown command.
An ice beast comes into view.
The bullfrog hits you but does no damage.
As you read the scroll labelled GAUPLO TAUWK, it crumbles to dust.
It is a scroll of enchant weapon.
Your +1 dagger of speed glows red for a moment.
The bullfrog hits you. The bullfrog closely misses you.
You see here 9 gold pieces.
The ice beast hits you. The ice beast freezes you!
* * * LOW HITPOINT WARNING * * *
The bullfrog hits you.
* * * LOW HITPOINT WARNING * * *
The bullfrog hits you.
You die...

#.# #.###########
#...........##
#†######.....# #.#
#.##..## ##.#
#.##.$.#
#.F######.##...###
...............F.#
#.[.##.........#@#
#...##.##.###..#.#
....F..........#.#
...............#.#
..........###.....
#...Z#....###.....
....F.............
$.#......... .....
............


You could see a bullfrog.

Vanquished Creatures
  Sigmund (D:2)
  A steam dragon (D:6)
  Edmund (D:4)
  A water moccasin (D:5)
  A sky beast (D:5)
  A water moccasin zombie (D:5)
  A howler monkey (D:4)
  A hound (D:6)
  2 orc priests (D:4)
  3 jellies (D:5)
  2 bullfrog skeletons
  2 iguanas
  3 orc wizards (D:5)
  Robin (D:4)
  4 gnolls (D:3)
  7 adders
  An adder zombie (D:5)
  2 worms
  15 orcs
  7 ball pythons
  5 bats
  3 endoplasms
  2 giant cockroaches
  17 goblins
  8 hobgoblins
  2 jackals (D:1)
  3 quokkas
  2 frilled lizards
  6 kobolds
  6 rats
111 creatures vanquished.

Vanquished Creatures (collateral kills)
  7 foxfires (D:4)
7 creatures vanquished.

Vanquished Creatures (others)
  428 foxfires
  18 plants
  2 withered plants (D:2)
448 creatures vanquished.

Grand Total: 566 creatures vanquished

Notes
Turn   | Place    | Note
-------+----------+-------------------------------------------
     0 | D:1      | Conn the Octopode Fire Elementalist began the quest for the
                  | Orb.
     0 | D:1      | Reached XP level 1. HP: 11/11 MP: 3/3
   213 | D:1      | Reached XP level 2. HP: 17/17 MP: 0/5
  1047 | D:2      | Found a faded altar of an unknown god.
  1082 | D:2      | Reached XP level 3. HP: 21/21 MP: 3/6
  1536 | D:2      | Noticed Sigmund
  1548 | D:2      | Killed Sigmund
  1549 | D:2      | Reached XP level 4. HP: 21/27 MP: 2/8
  1549 | D:2      | Reached XP level 5. HP: 24/31 MP: 2/9
  2345 | D:3      | Reached XP level 6. HP: 36/36 MP: 5/10
  2510 | D:3      | Found a bloodstained altar of Trog.
  2845 | D:4      | Learned a level 3 spell: Conjure Flame
  2849 | D:4      | Learned a level 3 spell: Inner Flame
  2854 | D:4      | Learned a level 4 spell: Flame Wave
  2950 | D:4      | Noticed Edmund
  2984 | D:4      | Killed Edmund
  3179 | D:4      | Reached XP level 7. HP: 29/41 MP: 0/13
  3324 | D:4      | Noticed Robin
  3354 | D:4      | Killed Robin
  3669 | D:4      | Found an iron altar of Okawaru.
  3809 | D:4      | Found a sacrificial altar of Ru.
  4062 | D:4      | Reached skill level 1 in Hexes
  4370 | D:3      | You fall into a shaft and drop 2 floors!
  4370 | D:5      | Entered Level 5 of the Dungeon
  4784 | D:3      | Found a snail-covered altar of Cheibriados.
  5042 | D:5      | Noticed a +0 hand axe
  5046 | D:5      | Noticed a +0 dagger
  5051 | D:5      | Found a hide-covered altar of Uskayaw.
  5199 | D:5      | Reached skill level 1 in Fighting
  5208 | D:5      | Reached skill level 5 in Stealth
  5240 | D:5      | Reached skill level 5 in Fire Magic
  5240 | D:5      | Reached XP level 8. HP: 44/48 MP: 5/14
  5362 | D:5      | Found a stormy altar of Qazlal.
  5363 | D:5      | Found a white marble altar of Elyvilon.
  5440 | D:5      | Found a staircase to the Ecumenical Temple.
  5456 | Temple   | Entered the Ecumenical Temple
  5513 | Temple   | Became a worshipper of Sif Muna the Loreminder
  5596 | D:5      | Reached skill level 5 in Conjurations
  6069 | D:6      | Slain by a bullfrog

Illustrated notes

Levels and vault maps discovered:
D:1:      dpeg_arrival_rhombus, layout_rooms, interstate_on_off
D:2:      layout_basic, shapermc_ecumenical_altar_flowoftime, uniq_sigmund
D:3:      layout_loops_cross, slow_altar_2, amcnicky_altar_gilded,
          minmay_crystal_room, minmay_bisected
D:4:      layout_loops_cross, nicolae_ru_awakened_eye,
          okawaru_altar_gauntlet_db, serial_bayou_lagoon_b, uniq_robin,
          uniq_edmund
D:5:      minmay_general_purpose_star, layout_basic,
          mainiacjoe_overflow_divided_tiny, dancing_weapons_uskayaw,
          minmay_temple_entry_waves
D:6:      layout_basic, uniq_blork_the_orc
Temple:   nicolae_temple_hex_pool

Skill      XL: |  1  2  3  4  5  6  7  8 |
---------------+-------------------------+-----
Stealth        | 3 4 5 |  5.3
Spellcasting   | 3 4 |  4.6
Conjurations   | 2 3 4 5 |  5.3
Fire Magic     | 4 5 |  5.8
Hexes          | 2 |  2.8
Fighting       | 1 |  1.2
Short Blades   | |  0.3
Dodging        | |  2.3

Action                   |  1- 3 |  4- 6 |  7- 9 || total
-------------------------+-------+-------+-------++-------
Melee: Short sword       |     5 |       |       ||     5
       Dagger            |     5 |    29 |    40 ||    74
       Constrict         |     2 |     6 |    10 ||    18
       Tentacles         |       |     6 |     6 ||    12
 Cast: Foxfire           |    46 |    79 |   139 ||   264
       Conjure Flame     |       |     1 |       ||     1
       Inner Flame       |       |       |     4 ||     4
  Use: Scroll            |     1 |       |     1 ||     2
 Stab: Sleeping          |     2 |     1 |     2 ||     5
Armor: Skin              |     1 |     2 |    11 ||    14
Dodge: Dodged            |    11 |    11 |    21 ||    43

Table legend: (Time is in decaauts)
 A = Elapsed time spent in this place.
 B = Non-inter-level travel time spent in this place.
 C = Inter-level travel time spent in this place.
 D = Time resting spent in this place.
 E = Time spent auto-exploring this place.
 F = Levels seen in this place.
 G = Mean time per level.
                   A        B        C        D        E       F      G
               +--------+--------+--------+--------+--------+-----+--------+
         Total |   6044 |   5857 |    187 |     75 |   4571 |   7 |  863.4 |
       Dungeon |   5973 |   5799 |    174 |     75 |   4532 |   6 |  995.5 |
        Temple |     70 |     57 |     13 |      0 |     39 |   1 |   70.0 |
               +--------+--------+--------+--------+--------+-----+--------+

Top non-repeatable levels by time:
     D:4: 1638 daAuts
     D:2: 1327 daAuts
     D:3: 1030 daAuts
     D:1: 979 daAuts
     D:5: 937 daAuts
  Temple: 70 daAuts
     D:6: 60 daAuts
